Map: Frozen Temple

Players

Kelazhur - Winner!

  • Race: Terran Terran

Virium

  • Race: Protoss Protoss
  • League: Master

Event: Cheesadelphia Summer 2016

VOD

Have the link to the VOD?

Description

Time

  • Played on: July 24, 2016, 2:07 p.m.
  • Length: 7:31

All games in this series

Show
View Real Time Build Order
Export as new Build Order

Kelazhur Terran - Winner!

Build Orders: 1/1/1, Cyclone Opening, MMM Bio 

Get SALT Encoding   

  12  0:00  SCV  
  13  0:13  SCV  
  14  0:18  Supply Depot  
  14  0:25  SCV  
  15  0:40  Barracks, SCV  
  16  0:46  Refinery  
  16  0:52  SCV  
  16  0:56  Refinery  
  17  1:04  SCV  
  18  1:16  SCV  
  19  1:28  Reaper, Orbital Command  
  20  1:33  Supply Depot  
  20  1:44  Factory  
  20  1:54  SCV  
  20  2:00  Reaper  
  22  2:06  SCV  
  23  2:22  SCV  
  23  2:27  Starport  
  23  2:29  Factory Tech Lab  
  23  2:34  SCV  
  23  2:35  Supply Depot  
  24  2:46  SCV  
  24  2:47  Cyclone  
  24  2:48  Liberator  
  29  2:58  SCV  
  29  3:03  Supply Depot  
  33  3:10  SCV  
  34  3:27  SCV  
  34  3:29  Barracks  
  34  3:30  Barracks  
  35  3:37  Factory Reactor  
  35  3:39  SCV  
  35  3:42  Liberator  
  35  3:49  Command Center  
  35  3:53  SCV  
  39  4:09  SCV  
  40  4:11  Marine  
  40  4:12  Stimpack  
  41  4:23  Supply Depot, SCV  
  42  4:32  Barracks Tech Lab  
  42  4:35  Liberator, SCV  
  42  4:38  Marine x2  
  43  4:39  Marine  
  46  4:52  SCV  
  47  4:58  Marine x2, Marauder  
  54  5:07  Orbital Command  
  54  5:10  SCV  
  55  5:16  Marauder  
  55  5:19  Combat Shields  
  55  5:20  Marine  
  54  5:21  Marine  
  54  5:23  SCV  
  58  5:28  Marauder  
  58  5:33  Bunker  
  58  5:35  SCV x2  
  59  5:38  Marine  
  59  5:39  Marine  
  59  5:41  Marauder  
  64  5:47  SCV  
  64  5:48  Starport  
  64  5:49  Factory Reactor, Supply Depot  
  65  5:50  SCV  
  65  5:55  Marauder  
  68  5:59  Marine, SCV  
  70  6:10  Marine  
  70  6:11  Marauder, SCV  
  74  6:15  SCV  
  74  6:17  Marine  
  70  6:20  Liberator  
  70  6:23  SCV  
  70  6:24  Marauder  
  72  6:27  Supply Depot  
  72  6:28  Marine, Engineering Bay, Barracks, SCV  
  72  6:30  Barracks  
  74  6:34  Refinery  
  74  6:35  SCV  
  74  6:39  Concussive Shells  
  78  6:47  Supply Depot  
  78  6:48  Marine, Medivac  
  78  6:49  Supply Depot, Marine  
  78  6:50  Marine x2  
  84  6:58  SCV x2  
  83  7:02  Supply Depot  
  83  7:08  Refinery  
  83  7:09  Marine x2  
  83  7:10  SCV  
Show
View Real Time Build Order
Export as new Build Order

Virium Protoss 

Build Orders:  

Get SALT Encoding   

  12  0:01  Probe (Chrono Boost)  
  13  0:11  Probe (Chrono Boost)  
  14  0:18  Pylon  
  14  0:22  Probe (Chrono Boost)  
  15  0:36  Probe (Chrono Boost)  
  15  0:37  Gateway  
  16  0:45  Assimilator  
  16  0:47  Probe (Chrono Boost)  
  17  0:58  Probe (Chrono Boost)  
  18  1:08  Probe (Chrono Boost)  
  19  1:19  Probe (Chrono Boost)  
  19  1:25  Cybernetics Core  
  20  1:29  Probe (Chrono Boost)  
  20  1:30  Pylon  
  22  1:40  Probe (Chrono Boost)  
  22  1:46  Nexus  
  22  2:02  Mothership Core (Chrono Boost)  
  22  2:04  Assimilator  
  24  2:12  Adept  
  25  2:21  Probe (Chrono Boost)  
  25  2:29  Warp Gate  
  25  2:31  Probe (Chrono Boost)  
  26  2:42  Probe (Chrono Boost)  
  27  2:49  Robotics Facility  
  27  2:52  Probe (Chrono Boost)  
  27  2:59  Probe (Chrono Boost)  
  27  3:03  Probe (Chrono Boost)  
  29  3:10  Probe (Chrono Boost)  
  29  3:12  Twilight Council  
  30  3:13  Probe (Chrono Boost)  
  31  3:20  Probe (Chrono Boost), Pylon  
  31  3:24  Probe (Chrono Boost)  
  33  3:31  Probe (Chrono Boost)  
  33  3:34  Observer  
  34  3:36  Probe (Chrono Boost)  
  36  3:42  Gateway x2  
  36  3:43  Probe (Chrono Boost)  
  33  3:48  Stalker  
  38  3:56  Probe (Chrono Boost)  
  38  3:57  Probe (Chrono Boost)  
  37  4:03  Blink  
  36  4:14  Probe x2 (Chrono Boost)  
  35  4:42  Stalker x3  
  35  4:45  Probe (Chrono Boost)  
  38  4:47  Probe (Chrono Boost)  
  39  5:09  Stalker x2  
  39  5:10  Zealot  
  39  5:12  Probe (Chrono Boost)  
  46  5:18  Assimilator  
  46  5:20  Pylon  
  46  5:23  Probe (Chrono Boost)  
  46  5:25  Probe (Chrono Boost)  
  46  5:37  Stalker  
  46  5:41  Probe (Chrono Boost)  
  47  5:43  Probe (Chrono Boost)  
  47  5:51  Probe (Chrono Boost)  
  47  5:55  Probe (Chrono Boost)  
  49  6:02  Probe (Chrono Boost)  
  49  6:17  Stalker x2  
  47  6:19  Stalker  
  47  6:21  Probe (Chrono Boost)  
  47  6:25  Probe (Chrono Boost)  
  51  6:32  Probe (Chrono Boost)  
  52  6:37  Probe (Chrono Boost)  
  53  6:46  Stalker x3  
  59  6:51  Probe (Chrono Boost)  
  59  6:53  Probe (Chrono Boost)  
  57  7:02  Probe (Chrono Boost)  
  57  7:05  Probe (Chrono Boost)  
Tags
 
Add a new tag
Caveats
  • Supply blocks, unpowered buildings, or Contaminate may cause inaccurate times.
  • Supply counts are checked every 10 seconds.